 Dungeon Crawl Stone Soup version 0.29.1-13-g9f3cf754e1 (webtiles) character file.

Game seed: 13101697515862510120

82 UnskilledLegend the Chopper (level 4, 0/40 HPs)
             Began as a Minotaur Berserker on Feb 6, 2023.
             Was a Follower of Trog.
             Killed by divine providence
             ... invoked by an orc priest
              (13 damage)
             ... on level 3 of the Dungeon.
             The game lasted 00:03:00 (2548 turns).

UnskilledLegend the Chopper (Minotaur Berserker)    Turns: 2548, Time: 00:03:01

Health: 0/40       AC:  3    Str: 23    XL:     4   Next: 21%
Magic:  3/3        EV: 12    Int:  4    God:    Trog [*.....]
Gold:   88         SH:  0    Dex: 10    Spells: 3/3 levels left

rFire   . . .      SeeInvis .   a - +0 hand axe
rCold   . . .      Faith    .   (no shield)
rNeg    . . .      Spirit   .   b - +0 animal skin
rPois   .          Reflect  .   (helmet restricted)
rElec   .          Harm     .   (no cloak)
rCorr   .          Rampage  .   h - +0 pair of gloves
Will    +....                   (no boots)
Stlth   +.........              (no amulet)
HPRegen 0.13/turn               l - ring of willpower
MPRegen 0.08/turn               m - ring of flight

@: flying
A: horns 2, retaliatory headbutt
a: Renounce Religion, Berserk


You were on level 3 of the Dungeon.
You worshipped Trog.
Trog was aware of your devotion.
You visited 1 branch of the dungeon, and saw 3 of its levels.

You collected 88 gold pieces.

Inventory:

Hand Weapons
 a - a +0 hand axe (weapon)
Armour
 b - a +0 animal skin (worn)
 h - a +0 pair of gloves (worn)
Jewellery
 d - a ring of protection from fire
 l - a ring of willpower (left hand)
 m - a ring of flight (right hand)
Scrolls
 f - 2 scrolls of amnesia {unknown}
 g - a scroll of noise {unknown}
 i - a scroll of butterflies {unknown}
Potions
 c - 3 potions of haste {unknown}
 e - 4 potions of curing {unknown}
 j - a potion of brilliance {unknown}
 k - a potion of attraction {unknown}


   Skills:
 + Level 4.2 Fighting
 * Level 4.8 Axes
 + Level 3.2 Armour
 + Level 2.9 Dodging


You had 3 spell levels left.
You didn't know any spells.
Your spell library was empty.

Dungeon Overview and Level Annotations

Branches:
Dungeon (3/15)

Altars:
Kikubaaqudgha


Innate Abilities, Weirdness & Mutations

You have a pair of horns on your head.
You reflexively headbutt those who attack you in melee.


Message History

You hit the rat.
You kill the rat!
Trog accepts your kill.
You hit the orc. You headbutt the orc.
You kill the orc!
Trog accepts your kill. The bat closely misses you.
You slash the bat!
You kill the bat!
Trog accepts your kill. The orc hits you with a +0 dagger.
Things that are here:
a +0 flail; a rat corpse You hit the orc.
You headbutt the orc.
You kill the orc!
Trog accepts your kill.
You closely miss the orc. The orc hits you with a +0 club.
You barely miss the orc. You headbutt the orc.
The orc is heavily wounded.
The orc closely misses you.
You barely miss the orc.
The orc is heavily wounded.
The orc barely misses you. You furiously retaliate!
You headbutt the orc!
You kill the orc!
Trog accepts your kill.
The orc priest invokes the aid of Beogh against you.
Beogh smites you!
The orc priest invokes the aid of Beogh against you.
Beogh smites you!
Items here: )) ? [ ††.
You closely miss the orc priest.
The orc priest casts a cantrip, but nothing happens.
You slash the orc priest!
The orc priest is heavily wounded.
The orc priest hits you with a +0 club.
You hit the orc priest.
The orc priest is severely wounded.
The orc priest calls down the wrath of Beogh upon you.
Beogh smites you!
You die...

### #.. #.# ###
#.# ..(. #.#
..<.o##.#####.#
....b..o......#
..o..##o##.##.#
..r #@##.# .
#)##.# #.##.# #
#.##.##.#
#.......#
####.##.# #.#
#.## #..#


You could see an orc priest and an orc.

Vanquished Creatures
  3 adders (D:2)
  5 dart slugs
  3 orcs (D:3)
  A ball python (D:2)
  2 endoplasms
  2 giant cockroaches (D:1)
  3 goblins
  5 hobgoblins
  4 jackals (D:2)
  3 quokkas (D:2)
  4 bats
  A kobold (D:1)
  3 rats
39 creatures vanquished.

Vanquished Creatures (others)
  2 fungi (D:1)
  A plant (D:1)
3 creatures vanquished.

Grand Total: 42 creatures vanquished

Notes
Turn   | Place    | Note
-------+----------+-------------------------------------------
     0 | D:1      | UnskilledLegend the Minotaur Berserker began the quest for
                  | the Orb.
     0 | D:1      | Reached XP level 1. HP: 19/19 MP: 0/0
   363 | D:1      | Reached XP level 2. HP: 17/27 MP: 1/1
  1193 | D:1      | Found a faded altar of an unknown god.
  1488 | D:2      | Reached XP level 3. HP: 27/33 MP: 2/2
  1667 | D:2      | Found an ancient bone altar of Kikubaaqudgha.
  2181 | D:2      | Reached XP level 4. HP: 36/40 MP: 3/3
  2548 | D:3      | Killed from afar by an orc priest

Illustrated notes

Levels and vault maps discovered:
D:1:      lightli_arrival_farm, layout_basic,
          shapermc_ecumenical_altar_mp_urbaneastern
D:2:      layout_basic, basic_altar
D:3:      layout_loops_ring, minmay_lizard_king

Skill      XL: |  1  2  3 |
---------------+----------+-----
Axes           | 4 |  4.8
Fighting       | 4 |  4.2
Armour         | 3 |  3.2
Dodging        | |  2.9

Action                   |  1- 3 |  4- 6 || total
-------------------------+-------+-------++-------
Melee: Hand axe          |    72 |    14 ||    86
       Headbutt          |    10 |     3 ||    13
Armor: Animal skin       |    19 |     1 ||    20
Dodge: Dodged            |    50 |     7 ||    57
